 Dungeon Crawl Stone Soup version 0.25.1-2-g60ff931df9 (webtiles) character file.

Game seed: 235962206410560017

319 Garessta the Covert (level 6, 0/37 HPs)
             Began as a Spriggan Assassin on Oct 14, 2020.
             Succumbed to a worker ant's poison
             ... on level 4 of the Dungeon.
             The game lasted 00:11:20 (3628 turns).

Garessta the Covert (Spriggan Assassin)             Turns: 3628, Time: 00:11:20

Health: 0/37       AC:  5    Str:  7    XL:     6   Next: 21%
Magic:  7/7        EV: 17    Int: 13    God:
Gold:   173        SH:  0    Dex: 19    Spells: 5/5 levels left

rFire    . . .     SeeInvis +   a - +2 dagger
rCold    . . .     Gourm    .   (shield restricted)
rNeg     . . .     Faith    .   b - +0 robe
rPois    +         Spirit   .   n - +0 hat
rElec    .         Reflect  .   c - +0 cloak
rCorr    .         Harm     .   (gloves unavailable)
MR       +....                  (boots unavailable)
Stlth    ++++......             (no amulet)
HPRegen  0.12/turn              i - ring of poison resistance
MPRegen  0.10/turn              (no ring)

@: lethally poisoned (0 -> -3), very quick
A: very small, unfitting armour, molten scales 1, see invisible, herbivore,
speed 3, robust 1, slow metabolism 2
a: no special abilities


You were on level 4 of the Dungeon.
You were not hungry.

You visited 1 branch of the dungeon, and saw 4 of its levels.

You collected 173 gold pieces.

Inventory:

Hand Weapons
 a - a +2 dagger (weapon)
Missiles
 d - 5 poisoned darts (quivered)
 e - a curare-tipped dart
Armour
 b - a +0 robe (worn)
 c - a +0 cloak (worn)
 n - a +0 hat (worn)
Jewellery
 i - a ring of poison resistance (left hand)
Wands
 r - a wand of disintegration (14)
Scrolls
 g - a scroll of remove curse
 h - 2 scrolls of teleportation
 m - a scroll of blinking
Potions
 l - a potion of invisibility
Comestibles
 f - 5 rations


   Skills:
 * Level 4.6 Fighting
 - Level 2.1 Short Blades
 - Level 2.0 Throwing
 - Level 1.5 Dodging
 + Level 8.1 Stealth


You had 5 spell levels left.
You didn't know any spells.
Your spell library was empty.

Dungeon Overview and Level Annotations

Branches:
Dungeon (4/15)
 Temple: D:4-7

Altars:
Cheibriados
Fedhas
Xom


Innate Abilities, Weirdness & Mutations

You are very small and have problems with some larger weapons.
You are too small for most types of armour.
You have supernaturally acute eyesight. (SInv)
You are a herbivore.
You cover ground extremely quickly.
You need to consume almost no food.
You are partially covered in molten scales. (AC +2)
You are robust. (+10% HP)


Message History

* * * LOW HITPOINT WARNING * * *
You feel sick.
* * * LOW HITPOINT WARNING * * *
You feel sick.
* * * LOW HITPOINT WARNING * * *
You feel sick.
* * * LOW HITPOINT WARNING * * *
You feel sick.
As you read the scroll labeled OTUJ CEDDAO, it crumbles to dust.
The air around you briefly surges with heat, but it dissipates.
It was a scroll of immolation.
As you read the scroll labeled YHOK WUWORCH, it crumbles to dust.
You assume a fearsome visage.
Nothing appears to happen.
It was a scroll of fear.
* * * LOW HITPOINT WARNING * * *
You feel sick.
As you read the scroll labeled GEG TALABYMAN, it crumbles to dust.
You experience a momentary feeling of inescapable doom!
It was a scroll of random uselessness.
You die...

#...# #. #.### ######. #.#
....... #†# .#####. #.# ##.##
##. #.# #...###.. #.#
##########.#...... #†#
#..(........(###.. #.#
#@########..## ##. #.# #.#
#..# #. #.# #.# #..#####. #.#
######.########..##.... #.#
#.......#.........#a### #.#
#.####..#.#####...#!#
#.###.####.a#.# #...#.#
#####.......>.....#####...#.#
........................a....#


You could see a worker ant.

Vanquished Creatures
  A bullfrog (D:4)
  A worker ant (D:4)
  6 gnolls
  10 adders
  2 worms (D:2)
  3 leopard geckos
  An orc (D:3)
  15 bats
  5 giant cockroaches
  8 goblins
  6 hobgoblins
  6 jackals
  4 kobolds
  A quokka (D:4)
  2 ball pythons
  4 frilled lizards
  A quokka skeleton (D:4)
  4 rats
80 creatures vanquished.

Notes
Turn   | Place    | Note
-------+----------+-------------------------------------------
     0 | D:1      | Garessta the Spriggan Assassin began the quest for the Orb.
     0 | D:1      | Reached XP level 1. HP: 10/10 MP: 2/2
    62 | D:1      | Reached skill level 6 in Stealth
   247 | D:1      | Reached XP level 2. HP: 13/15 MP: 3/3
  1083 | D:2      | Reached XP level 3. HP: 19/19 MP: 4/4
  1725 | D:2      | Reached XP level 4. HP: 21/24 MP: 5/5
  1837 | D:2      | Reached skill level 7 in Stealth
  1954 | D:2      | Found a shimmering altar of Xom.
  2209 | D:3      | Gained mutation: You are robust. (+10% HP) [potion of
                  | mutation]
  2209 | D:3      | Gained mutation: You are partially covered in molten
                  | scales. (AC +2) [potion of mutation]
  2424 | D:3      | Reached XP level 5. HP: 24/30 MP: 6/6
  3095 | D:4      | Found a snail-covered altar of Cheibriados.
  3484 | D:4      | Reached skill level 8 in Stealth
  3484 | D:4      | Reached XP level 6. HP: 31/37 MP: 7/7
  3557 | D:4      | Found a blossoming altar of Fedhas.
  3621 | D:4      | HP: 1/37 [poisoned by a worker ant]
  3628 | D:4      | Succumbed to a worker ant's poison

Illustrated notes

Levels and vault maps discovered:
D:1:      minmay_arrival_loop, layout_basic, minmay_split_cup_small
D:2:      layout_rooms, lemuel_coloured_pillars_altar, minmay_misc_feat_tower
D:3:      layout_loops_ring, grunt_decor_mini_mirrors, solitary_fountain
D:4:      layout_loops_ring, cheibriados_altar_1, fedhas_altar_1, serial_shops,
          nicolae_shop_stone, first_ration

Skill      XL: |  1  2  3  4  5 |
---------------+----------------+-----
Stealth        | 6 7 8 |  8.1
Fighting       | 2 3 4 |  4.6
Short Blades   | |  2.1
Throwing       | |  2.0
Dodging        | |  1.5

Action                   |  1- 3 |  4- 6 || total
-------------------------+-------+-------++-------
Melee: Dagger            |   122 |   197 ||   319
Throw: Dart              |    13 |    26 ||    39
  Use: Scroll            |       |    10 ||    10
       Potion            |       |     1 ||     1
 Stab: Sleeping          |     8 |    14 ||    22
       Distracted        |       |     2 ||     2
  Eat: Ration            |       |     1 ||     1
Armor: Robe              |    25 |    27 ||    52
Dodge: Dodged            |   120 |   135 ||   255
